 Dungeon Crawl Stone Soup version 0.29-a0-194-g6e3aafee17 (webtiles) character file.

Game seed: 4858064393105338429

174 fragbeetle the Bolt Thrower (level 5, -5/42 HPs)
             Began as a Minotaur Hunter on Feb 23, 2022.
             Killed from afar by an orc wizard (8 damage)
             ... with a puff of flame
             ... on level 4 of the Dungeon.
             The game lasted 00:05:06 (2652 turns).

fragbeetle the Bolt Thrower (Minotaur Hunter)       Turns: 2652, Time: 00:05:07

Health: -5/42      AC: 11    Str: 19    XL:     5   Next: 28%
Magic:  13/13      EV: 25    Int:  8    God:
Gold:   121        SH:  0    Dex: 10    Spells: 4/4 levels left

rFire   . . .      SeeInvis .   a - +1 hand crossbow
rCold   . . .      Faith    .   (no shield)
rNeg    . . .      Spirit   .   g - +3 scale mail
rPois   .          Reflect  .   (helmet restricted)
rElec   .          Harm     .   (no cloak)
rCorr   .          Rampage  .   i - +1 pair of gloves
Will    .....                   (no boots)
Stlth   ..........              p - amulet of the acrobat
HPRegen 0.14/turn               j - ring of magical power
MPRegen 0.13/turn               (no ring)

@: acrobatic
A: horns 2, retaliatory headbutt
a: no special abilities


You were on level 4 of the Dungeon.
You visited 1 branch of the dungeon, and saw 4 of its levels.

You collected 121 gold pieces.

Inventory:

Hand Weapons
 a - a +1 hand crossbow (weapon)
Missiles
 z - a curare-tipped dart (quivered)
Armour
 g - a +3 scale mail (worn)
 i - a +1 pair of gloves (worn)
 v - a +0 kite shield
Jewellery
 j - a ring of magical power (left hand)
 m - a ring of ice
 p - an amulet of the acrobat (around neck)
Wands
 s - a wand of iceblast (8)
Scrolls
 c - 3 scrolls of identify {unknown}
 d - 3 scrolls of blinking {unknown}
 e - a scroll of teleportation {unknown}
 h - a scroll of enchant weapon {unknown}
 k - a scroll of enchant armour {unknown}
 q - a scroll of amnesia {unknown}
 r - a scroll of noise {unknown}
 t - a scroll of immolation {unknown}
 u - a scroll of fear {unknown}
 x - a scroll of silence {unknown}
 y - a scroll of acquirement {unknown}
Potions
 b - a potion of invisibility {unknown}
 f - a potion of ambrosia {unknown}
 l - 2 potions of haste {unknown}
 n - a potion of lignification {unknown}
 o - a potion of degeneration {unknown}
 w - a potion of brilliance {unknown}


   Skills:
 - Level 2.4 Fighting
 + Level 7.3 Crossbows
 - Level 2.1 Dodging
 - Level 0.7 Stealth


You had 4 spell levels left.
You didn't know any spells.
Your spell library was empty.

Dungeon Overview and Level Annotations

Branches:
Dungeon (4/15)
 Temple: D:4-7

Altars:
Okawaru

Shops:
D:2 (

Annotations:
D:2 1 runed translucent door, Crazy Yiuf
D:3 1 runed translucent door, sirJeffrey23's ghost, amateur DsMo


Innate Abilities, Weirdness & Mutations

You have a pair of horns on your head.
You reflexively headbutt those who attack you in melee.


Message History

Something tries to affect you, but you resist.
You bump into the rock wall.
Something hits you but does no damage.
You closely miss something. Your headbutt misses something.
Something hits you but does no damage.
You bump into the rock wall.
Something hits you.
* * * LOW HITPOINT WARNING * * *
You bump into the rock wall.
You hear some strange, mumbled words.
A puff of flame appears from out of thin air!
The puff of flame hits you but does no damage.
You bump into the rock wall.
Something hits you but does no damage.
You miss something. Your headbutt misses something.
You feel less confused. Something hits you but does no damage.
You clumsily bash something but do no damage.
Something hits you.
* * * LOW HITPOINT WARNING * * *
Something hits you but does no damage.
You clumsily bash something but do no damage.
Your headbutt misses something. Something hits you but does no damage.
You miss something. Something hits you but does no damage.
You miss something. Something hits you but does no damage.
You hear some strange, mumbled words.
Something tries to affect you, but you resist.
You clumsily bash something but do no damage.
Something hits you but does no damage.
You closely miss something. Something hits you but does no damage.
You barely miss something. Your headbutt misses something.
Something hits you but does no damage.
You clumsily bash something but do no damage.
Your headbutt misses something. Something hits you.
* * * LOW HITPOINT WARNING * * *
You hear some strange, mumbled words.
A magic dart appears from out of thin air!
The magic dart hits you!
* * * LOW HITPOINT WARNING * * *
You hear some strange, mumbled words.
A puff of flame appears from out of thin air!
The puff of flame hits you!
You die...

#####.# #
##...#.# #
#.....(#
#......# (..
#.....## ...
##...## #.#
##{## #.# .
########@#
._.
#........#
...
#.......##
... #.#####.#
#.# #.# #.#
#.#####.##
####........#
#............
##
#.##.######.#


There were no monsters in sight!

Vanquished Creatures
  2 hounds (D:4)
  4 adders (D:3)
  2 worms
  A dart slug (D:3)
  4 orcs
  4 ball pythons
  4 endoplasms
  A giant cockroach (D:1)
  5 goblins
  5 hobgoblins
  6 jackals
  5 kobolds
  5 quokkas
  6 bats
  A frilled lizard (D:3)
  7 rats
62 creatures vanquished.

Notes
Turn   | Place    | Note
-------+----------+-------------------------------------------
     0 | D:1      | fragbeetle the Minotaur Hunter began the quest for the Orb.
     0 | D:1      | Reached XP level 1. HP: 18/18 MP: 0/0
   137 | D:1      | Reached XP level 2. HP: 25/25 MP: 1/1
   148 | D:1      | Reached skill level 5 in Crossbows
   672 | D:2      | Reached XP level 3. HP: 30/30 MP: 2/2
   884 | D:2      | Found Otzinol's Weapon Boutique.
  1167 | D:2      | Found a runed translucent door.
  1168 | D:2      | Noticed Crazy Yiuf
  1418 | D:3      | Found a faded altar of an unknown god.
  1679 | D:3      | Noticed sirJeffrey23's ghost (amateur DsMo)
  1680 | D:3      | Found a runed translucent door.
  1736 | D:3      | Reached skill level 6 in Crossbows
  1906 | D:3      | Reached XP level 4. HP: 37/37 MP: 3/3
  2545 | D:4      | Found an iron altar of Okawaru.
  2570 | D:4      | Reached skill level 7 in Crossbows
  2570 | D:4      | Reached XP level 5. HP: 31/42 MP: 4/4
  2651 | D:4      | HP: 2/42 [something/magic dart (8)]
  2652 | D:4      | Killed from afar by an orc wizard

Illustrated notes

Levels and vault maps discovered:
D:1:      dpeg_arrival_rooms_b, layout_rooms, minmay_octomino_j4
D:2:      cheibrodos_old_hovel, layout_rooms, serial_shops, shop,
          uniq_crazy_yiuf_cottage
D:3:      minmay_spotlight, layout_loops_corners,
          shapermc_ecumenical_altar_starsandcircs, gammafunk_ghost_grave
D:4:      layout_loops_ring, okawaru_gym_becter

Skill      XL: |  1  2  3  4 |
---------------+-------------+-----
Crossbows      | 5 6 7 |  7.3
Fighting       | |  2.4
Dodging        | |  2.1
Stealth        | |  0.7

Action                   |  1- 3 |  4- 6 || total
-------------------------+-------+-------++-------
Melee: Hand crossbow     |       |    24 ||    24
       Headbutt          |       |     1 ||     1
 Fire: Hand crossbow     |   113 |    51 ||   164
Throw: Dart              |       |     5 ||     5
Armor: Leather armour    |     4 |       ||     4
       Scale mail        |    23 |    54 ||    77
Dodge: Dodged            |    20 |    26 ||    46

Table legend: (Time is in decaauts)
 A = Elapsed time spent in this place.
 B = Non-inter-level travel time spent in this place.
 C = Inter-level travel time spent in this place.
 D = Time resting spent in this place.
 E = Time spent auto-exploring this place.
 F = Levels seen in this place.
 G = Mean time per level.
                   A        B        C        D        E       F      G
               +--------+--------+--------+--------+--------+-----+--------+
         Total |   2720 |   2621 |     99 |      0 |   2138 |   4 |  680.0 |
       Dungeon |   2720 |   2621 |     99 |      0 |   2138 |   4 |  680.0 |
               +--------+--------+--------+--------+--------+-----+--------+

Top non-repeatable levels by time:
     D:3: 1163 daAuts
     D:2: 692 daAuts
     D:1: 654 daAuts
     D:4: 210 daAuts
